 Dungeon Crawl Stone Soup version 0.31.0-9-g3a7656b989 (webtiles) character file.

Game seed: 7124028212882478465

46 EnegeticOcto the Vexing (level 3, -1/16 HPs)
             Began as a Spriggan Enchanter on Feb 2, 2024.
             Frozen to death by an endoplasm (3 damage)
             ... on level 2 of the Dungeon.
             The game lasted 00:02:58 (350 turns).

EnegeticOcto the Vexing (Spriggan Enchanter)         Turns: 350, Time: 00:02:59

Health: -1/16      AC:  2    Str:  4    XL:     3   Next: 44%
Magic:  0/9        EV: 17    Int: 16    God:
Gold:   7          SH:  0    Dex: 17    Spells: 7/9 levels left

rFire   . . .        a - +1 dagger
rCold   . . .        (no shield)
rNeg    . . .        b - +0 robe
rPois   .            (helmet restricted)
rElec   .            (no cloak)
rCorr   .            (gloves unavailable)
SInv    +            (boots unavailable)
Will    .....        (no amulet)
Stlth   +++          (no ring)
HPRegen 0.22/turn    (no ring)
MPRegen 0.11/turn

%: no passive effects
@: very slightly contaminated, very quick
A: very small, no large weapons, unfitting armour, see invisible, speed 3
a: no special abilities


You were on level 2 of the Dungeon.
You visited 1 branch of the dungeon, and saw 2 of its levels.

You collected 7 gold pieces.

Inventory:

Hand Weapons
 a - a +1 dagger (weapon)
Armour
 b - a +0 robe (worn)
Talismans
 h - a beast talisman
   (You found it on level 1 of the Dungeon)
Scrolls
 f - a scroll of poison {unknown}
 g - a scroll of teleportation {unknown}
 i - a scroll of vulnerability {unknown}
Potions
 c - 2 potions of invisibility
 d - a potion of degeneration {unknown}
 e - a potion of curing {unknown}
 j - 2 potions of haste {unknown}
 k - a potion of mutation {unknown}


   Skills:
 - Level 1.1 Short Blades
 - Level 2.6 Dodging
 - Level 4.4 Stealth
 + Level 3.9 Spellcasting
 + Level 4.6 Hexes


You had 7 spell levels left.
You knew the following spells:

 Your Spells              Type           Power      Damage    Failure   Level
a - Ensorcelled Hibernat  Hex/Ice        20%        N/A       10%         2

Your spell library contained the following spells:

 Spells                   Type           Power      Damage    Failure   Level
 Confusing Touch          Hex            18%        N/A       8%          3
 Tukima's Dance           Hex            18%        N/A       8%          3
 Dazzling Flash           Conj/Hex       20%        N/A       21%         3


Dungeon Overview and Level Annotations

Branches:
Dungeon (2/15) Zot: 11755

Altars:

Annotations:
D:2 Natasha, Terence


Innate Abilities, Weirdness & Mutations

You are very small and have problems with some larger weapons.
You are too small for most types of armour.
You have supernaturally acute eyesight. (SInv)
You cover ground extremely quickly. (Speed+++)


Message History

Increase (s)trength, (i)ntelligence, or (d)exterity?
You feel agile. x2
The quokka barely misses you. The quokka attacks as it pursues you!
The quokka bites you but does no damage.
You see here a fuming brown potion.
j - a fuming brown potion The quokka closely misses you.
The quokka attacks as it pursues you! The quokka misses you.
You see here a fuming brown potion.
j - 2 fuming brown potions (gained 1)
The quokka completely misses you. The quokka misses you.
The quokka completely misses you. The quokka attacks as it pursues you!
The quokka misses you. The quokka closely misses you.
You see here a bubbling white potion.
k - a bubbling white potion The quokka closely misses you.
The quokka misses you. The quokka misses you.
The quokka attacks as it pursues you! The quokka completely misses you.
There is an open door here.
Casting: Ensorcelled Hibernation (safe; 10% risk of failure)
Confirm with . or Enter, or press ? or * to list all spells.
Aiming: Ensorcelled Hibernation (safe; 10% risk of failure)
Press: ? - help, Shift-Dir - straight line, f - quokka
Aim: a quokka (chance to affect: 62%)
The quokka looks drowsy...
The helpless quokka fails to defend itself.
You puncture the quokka!
You kill the quokka!
A kobold comes into view. It is wielding a +0 dagger.
The kobold shouts!
Casting: Ensorcelled Hibernation (safe; 10% risk of failure)
Confirm with . or Enter, or press ? or * to list all spells.
Aiming: Ensorcelled Hibernation (safe; 10% risk of failure)
Press: ? - help, Shift-Dir - straight line, f - kobold
Aim: a kobold, wielding a +0 dagger (chance to affect: 62%)
The kobold resists with significant effort.
The kobold completely misses you.
You hit the kobold.
You kill the kobold!
Things that are here:
a +0 dagger; a kobold corpse
Found a pair of gloves.
You see here a +0 pair of gloves.
Found a stone staircase leading down.
The endoplasm quivers.
Natasha, Servant of Life and Death comes into view.
Natasha hisses angrily.
Casting: Ensorcelled Hibernation (safe; 10% risk of failure)
Confirm with . or Enter, or press ? or * to list all spells.
Aiming: Ensorcelled Hibernation (safe; 10% risk of failure)
Press: ? - help, Shift-Dir - straight line, f - Natasha
Aim: Natasha (chance to affect: 44%) Natasha resists with some effort.
Natasha completely misses you.
You completely miss Natasha. Natasha barely misses you.
You barely miss Natasha. Natasha casts a spell at you. The magic dart hits you!
Ouch! That really hurt!
You hit Natasha.
Natasha is moderately wounded.
A hobgoblin comes into view.
Natasha misses you.
You barely miss Natasha.
Natasha is moderately wounded.
Natasha claws you!
* * * LOW HITPOINT WARNING * * *
The hobgoblin shouts!
You hit Natasha but do no damage.
Natasha is moderately wounded.
Natasha claws you.
* * * LOW HITPOINT WARNING * * *
Casting: Ensorcelled Hibernation (safe; 10% risk of failure)
Confirm with . or Enter, or press ? or * to list all spells.
Aiming: Ensorcelled Hibernation (safe; 10% risk of failure)
Press: ? - help, Shift-Dir - straight line, f/p - Natasha
Aim: Natasha (moderately wounded, chance to affect: 44%)
You miscast Ensorcelled Hibernation.
You are very lightly contaminated with residual magic.
Nothing appears to happen.
Natasha completely misses you.
You hit Natasha.
Natasha is heavily wounded.
Terence the Incautious comes into view.
He is wielding a +0 short sword.
Natasha barely misses you.
Terence shouts!
You hit Natasha but do no damage.
Natasha is heavily wounded.
The endoplasm jiggles.
The endoplasm closely misses you. Natasha closely misses you.
You hit Natasha but do no damage.
Natasha is heavily wounded.
The endoplasm closely misses you. Natasha casts a spell at you.
You resist with some effort.
You closely miss Natasha.
Natasha is heavily wounded.
The endoplasm freezes you.
You are frozen.
You die...

...# #..#
#.@# ..#
... #g#
#h# #@#
#J# #.#
### #.#
#.# ##..
#.# #.#
##... #.#
#.# ##.r..
#.#
#.###..###
#.#
#.##..##..
#.#
#.##..#...


You could see Terence, Natasha, an endoplasm and a hobgoblin.

Vanquished Creatures
  Jessica (D:2)
  2 ball pythons
  2 endoplasms (D:2)
  A giant cockroach (D:1)
  3 hobgoblins (D:2)
  2 kobolds
  A quokka (D:2)
  2 bats (D:1)
  A frilled lizard (D:2)
  5 rats
20 creatures vanquished.

Notes
Turn   | Place    | Note
-------+----------+-------------------------------------------
     0 | D:1      | EnegeticOcto the Spriggan Enchanter began the quest for the
                  | Orb.
     0 | D:1      | Reached XP level 1. HP: 9/9 MP: 5/5
   103 | D:1      | Reached skill level 3 in Spellcasting
   123 | D:1      | Reached skill level 4 in Hexes
   128 | D:1      | Reached XP level 2. HP: 10/13 MP: 7/7
   154 | D:1      | Learned a level 2 spell: Ensorcelled Hibernation
   248 | D:2      | Noticed Jessica
   255 | D:2      | Killed Jessica
   256 | D:2      | Reached XP level 3. HP: 12/16 MP: 1/9
   336 | D:2      | Noticed Natasha
   347 | D:2      | Noticed Terence
   350 | D:2      | Frozen to death by an endoplasm

Illustrated notes

Levels and vault maps discovered:
D:1:      elethiomel_arrival_diamonds, layout_rooms, minmay_stone_trees_small,
          corner_web_ring
D:2:      layout_loops_ring, grunt_decor_resistance, roderic_malta_cross,
          grunt_ministairs_12, kennysheep_jessica_study, uniq_natasha,
          uniq_terence

Skill      XL: |  1 |
---------------+----+-----
Spellcasting   | 3 |  3.9
Hexes          | 4 |  4.6
Short Blades   | |  1.1
Dodging        | |  2.6
Stealth        | |  4.4

Action                     || total
---------------------------++-------
  Melee: Dagger            ||    55
         Punch             ||     2
   Cast: Ensorcelled Hiber ||     9
   Stab: Sleeping          ||     9
 Armour: Robe              ||    20
  Dodge: Dodged            ||    53

Table legend:
 A = Kills in this place as a percentage of kills in the entire game.
 B = Kills by you in this place as a percentage of kills by you in the entire game.
 C = Kills by friends in this place as a percentage of kills by friends in the entire game.
 D = Other kills in this place as a percentage of other kills in the entire game.
 E = Experience gained in this place as a percentage of experience gained in the entire game.
 F = Experience gained in this place divided by the number of levels of this place that you have seen.
                   A       B       C       D       E      F
               +-------+-------+-------+-------+-------+----------------------
         Total | 100.0 | 100.0 |   N/A |   N/A | 100.0 |  33.0
       Dungeon | 100.0 | 100.0 |   N/A |   N/A | 100.0 |  33.0
               +-------+-------+-------+-------+-------+----------------------

Table legend: (Time is in decaauts)
 A = Elapsed time spent in this place.
 B = Non-inter-level travel time spent in this place.
 C = Inter-level travel time spent in this place.
 D = Time resting spent in this place.
 E = Time spent auto-exploring this place.
 F = Levels seen in this place.
 G = Mean time per level.
                   A        B        C        D        E       F      G
               +--------+--------+--------+--------+--------+-----+--------+
         Total |    243 |    243 |      0 |      0 |      0 |   2 |  121.5 |
       Dungeon |    243 |    243 |      0 |      0 |      0 |   2 |  121.5 |
               +--------+--------+--------+--------+--------+-----+--------+

Top non-repeatable levels by time:
     D:2: 132 daAuts
     D:1: 111 daAuts
